 Dungeon Crawl Stone Soup version 0.29.1-15-g9cfb28693d (webtiles) character file.

Game seed: 2978207176696872366

923 protoss039 the Digger (level 7, -8/55 HPs)
             Began as a Demonspawn Earth Elementalist on Mar 9, 2023.
             Mangled by an ogre
             ... wielding a +0 giant club
              (23 damage)
             ... on level 5 of the Dungeon.
             The game lasted 00:09:03 (6575 turns).

protoss039 the Digger (DsEE)                        Turns: 6575, Time: 00:09:03

Health: -8/55      AC:  7    Str:  8    XL:     7   Next: 84%
Magic:  19/22      EV: 10    Int: 18    God:
Gold:   455        SH:  0    Dex: 17    Spells: 9/15 levels left

rFire   . . .      SeeInvis .   x - +9 trident of Severance {freeze, rElec MP+9}
rCold   . . .      Faith    .   (no shield)
rNeg    . . .      Spirit   .   d - +0 ring mail
rPois   .          Reflect  .   (no helmet)
rElec   +          Harm     .   (no cloak)
rCorr   .          Rampage  .   v - +0 pair of gloves {Dex+3}
Will    .....                   (no boots)
Stlth   +.........              (no amulet)
HPRegen 0.18/turn               w - ring of wizardry
MPRegen 0.18/turn               (no ring)

@: no status effects
A: rugged brown scales 1, powered by death 1, weakness stinger 1
a: no special abilities


You were on level 5 of the Dungeon.
You visited 2 branches of the dungeon, and saw 7 of its levels.

You collected 455 gold pieces.

Inventory:

Hand Weapons
 x - the +9 trident of Severance (weapon) {freeze, rElec MP+9}
   (You found it on level 5 of the Dungeon)

   It freezes those it strikes, dealing additional cold damage.
   It can also slow down cold-blooded creatures.
   rElec:     It insulates you from electricity.
   MP:        It affects your magic capacity (+9).
Armour
 d - a +0 ring mail (worn)
 v - a +0 pair of gloves of dexterity (worn)
Magical Staves
 h - a staff of cold
Jewellery
 w - a ring of wizardry (left hand)
Wands
 t - a wand of flame (19)
Scrolls
 a - a scroll of noise {unknown}
 f - a scroll of enchant armour {unknown}
 j - a scroll of identify
 l - 5 scrolls of amnesia
 m - a scroll of silence {unknown}
 n - 3 scrolls of teleportation
 p - a scroll of immolation {unknown}
 r - a scroll of enchant weapon {unknown}
 s - a scroll of blinking {unknown}
 u - a scroll of magic mapping {unknown}
Potions
 b - 2 potions of magic
 c - 2 potions of haste
 e - 3 potions of curing
 g - a potion of might {unknown}
 i - 3 potions of heal wounds {unknown}
 k - a potion of brilliance {unknown}
 q - 2 potions of mutation {unknown}


   Skills:
 + Level 4.2 Fighting
 * Level 2.9 Armour
 - Level 1.7 Dodging
 - Level 1.7 Stealth
 + Level 4.5 Spellcasting
 + Level 2.3 Conjurations
 - Level 0.8 Transmutations
 + Level 4.9 Earth Magic


You had 9 spell levels left.
You knew the following spells:

 Your Spells              Type           Power      Damage    Failure   Level
a - Sandblast             Erth           42%        2d11      2%          1
b - Passwall              Tmut/Erth      11%        N/A       8%          2
c - Stone Arrow           Conj/Erth      34%        3d9       11%         3

Your spell library contained the following spells:

 Spells                   Type           Power      Damage    Failure   Level
 Poisonous Vapours        Pois/Air       8%         N/A       24%         2
 Portal Projectile        Hex/Tloc       8%         N/A       43%         3
 Tukima's Dance           Hex            4%         N/A       43%         3
 Petrify                  Tmut/Erth      14%        N/A       43%         4
 Hailstorm                Conj/Ice       8%         3d4       65%         4
 Ice Form                 Ice/Tmut       5%         N/A       77%         4
 Corpse Rot               Necr/Pois/Air  4%         N/A       82%         4
 Blade Hands              Tmut           3%         N/A       95%         5
 Simulacrum               Ice/Necr       2%         N/A       100%        6


Dungeon Overview and Level Annotations

Branches:
Dungeon (6/15) Zot: 26912  Temple (1/1) D:5 Zot: 5972

Altars:
Ashenzari
Fedhas
Gozag
Hepliaklqana
Kikubaaqudgha
Makhleb
Qazlal
Ru
Xom


Innate Abilities, Weirdness & Mutations

You are partially covered in rugged brown scales. (AC +1, +3% HP)
You regenerate a little health from kills.
You have a small tail.


Message History

Unknown command.
You start resting.
HP restored.
You climb downwards.
The ogre closely misses you.
The iguana bites you but does no damage.
There is a stone staircase leading up, spattered with blood here.
The ogre closely misses you. The iguana bites you!
You climb upwards.
There is a stone staircase leading down here.
You see here a +0 giant club.
Unknown command.
Casting: Sandblast (safe; 2% risk of failure)
Confirm with . or Enter, or press ? or * to list all spells.
Aiming: Sandblast (safe; 2% risk of failure)
Press: ? - help, Shift-Dir - straight line, f - ogre
Aim: an ogre, wielding a +0 giant club (92% to hit)
The blast of sand hits the ogre.
The ogre is moderately wounded.
The iguana closely misses you.
The ogre hits you with a +0 giant club!!
Casting: Sandblast (safe; 2% risk of failure)
Confirm with . or Enter, or press ? or * to list all spells.
Aiming: Sandblast (safe; 2% risk of failure)
Press: ? - help, Shift-Dir - straight line, f/p - ogre
Aim: an ogre, wielding a +0 giant club (moderately wounded, 92% to hit)
The blast of sand hits the ogre but does no damage.
The ogre is moderately wounded.
The iguana closely misses you. The ogre completely misses you.
The iguana bites you.
Casting: Sandblast (safe; 2% risk of failure)
Confirm with . or Enter, or press ? or * to list all spells.
Aiming: Sandblast (safe; 2% risk of failure)
Press: ? - help, Shift-Dir - straight line, f/p - ogre
Aim: an ogre, wielding a +0 giant club (moderately wounded, 92% to hit)
The blast of sand hits the ogre!
The ogre is heavily wounded.
The iguana bites you.
* * * LOW HITPOINT WARNING * * *
The ogre hits you with a +0 giant club!!
You die...

.....## #...)....#.###..## ##
..._..###..........##...# #
.......##...............### ##
..PP...##...###...........######.
..⌠P...###...####...........##...
.PP~...# ##...# ##...............
.......# #...## ##..######......
..._..## ##...####..# ####...
.....## ##.....@O...# ###. ######
##.......l..## ##
#######....####...## ##
#.(.#....### ##.[[# ##.
###.....## ##.)..### ##.. ##..###
##.....[.### ##... #..#
##..........####.... #..##
###.............#.....
#...###.(..................#


You could see an ogre and an iguana.

Vanquished Creatures
  An ogre (D:5)
  A phantom (D:3)
  A bullfrog (D:5)
  A scorpion (D:4)
  2 hounds
  2 orc priests
  2 iguanas (D:4)
  8 orc wizards
  10 adders
  2 gnolls (D:3)
  A shadow imp (D:3)
  2 ufetubi
  2 worms
  5 dart slugs
  20 orcs
  5 ball pythons
  9 bats
  6 endoplasms
  6 giant cockroaches
  9 goblins
  6 hobgoblins
  10 jackals
  4 quokkas
  3 frilled lizards
  5 kobolds
  2 rats
125 creatures vanquished.

Vanquished Creatures (others)
  4 fungi (D:5)
  5 toadstools (D:5)
9 creatures vanquished.

Grand Total: 134 creatures vanquished

Notes
Turn   | Place    | Note
-------+----------+-------------------------------------------
     0 | D:1      | protoss039 the Demonspawn Earth Elementalist began the
                  | quest for the Orb.
     0 | D:1      | Reached XP level 1. HP: 13/13 MP: 3/3
   456 | D:1      | Gained mutation: You are partially covered in rugged brown
                  | scales. (AC +1, +3% HP) [demonic ancestry]
   456 | D:1      | Reached XP level 2. HP: 8/20 MP: 3/5
   756 | D:1      | Reached skill level 1 in Fighting
  1215 | D:1      | Found a faded altar of an unknown god.
  1259 | D:1      | Learned a level 2 spell: Passwall
  1471 | D:2      | Reached XP level 3. HP: 26/26 MP: 1/6
  1980 | D:2      | Gained mutation: You regenerate a little health from kills.
                  | [demonic ancestry]
  1980 | D:2      | Reached XP level 4. HP: 30/33 MP: 5/8
  2416 | D:2      | Learned a level 3 spell: Stone Arrow
  2634 | D:3      | Found a blossoming altar of Fedhas.
  2637 | D:3      | Reached XP level 5. HP: 40/40 MP: 7/9
  2987 | D:3      | Found a burning altar of Makhleb.
  3708 | D:4      | Noticed a phantom
  3745 | D:3      | Killed a phantom
  3746 | D:3      | Gained mutation: You have a small tail. [demonic ancestry]
  3746 | D:3      | Reached XP level 6. HP: 40/48 MP: 4/11
  4181 | D:4      | Reached skill level 1 in Conjurations
  4568 | D:4      | Reached skill level 1 in Armour
  4966 | D:5      | Entered Level 5 of the Dungeon
  5107 | D:4      | Reached XP level 7. HP: 54/54 MP: 10/13
  5228 | D:5      | Found a stormy altar of Qazlal.
  5540 | D:5      | Found a staircase to the Ecumenical Temple.
  5656 | Temple   | Entered the Ecumenical Temple
  5845 | D:5      | Found a faded altar of an unknown god.
  5845 | D:5      | Found a hazy altar of Hepliaklqana.
  5845 | D:5      | Found a faded altar of an unknown god.
  5873 | D:5      | Identified the +9 trident of Severance {freeze, rElec MP+9}
  6575 | D:5      | Mangled by an ogre

Illustrated notes

Levels and vault maps discovered:
D:1:      eino_arrival_cavern_c, layout_basic,
          shapermc_ecumenical_altar_mp_urbaneastern
D:2:      minmay_thinvault, layout_basic, corexii_item_surrounded_by_moat
D:3:      layout_rooms, fedhas_altar_1, lemuel_crystal_altar, serial_shops,
          shop, chequers_jeans, grunt_ministairs_15, dk_noncrumbling_3
D:4:      layout_basic, mainiacjoe_overflow_chevrons, kennysheep_small_circle
D:5:      layout_layer_cave, nicolae_hepliaklqana_ecumenical_no_more,
          mainiacjoe_overflow_24_doors, minmay_temple_entry_statues_fountains,
          minmay_gold_behind_fungi
D:6:      layout_basic, mainiacjoe_overflow_catwalk,
          lemuel_zombie_altar_yredelemnul, gammafunk_ghost_nasty_kobolds,
          kennysheep_flooded_box, corexii_checkpoint_a, uniq_maggie,
          uniq_menkaure
Temple:   hellmonk_temple_rainy

Skill      XL: |  1  2  3  4  5  6  7 |
---------------+----------------------+-----
Earth Magic    | 3 4 |  4.9
Fighting       | 1 2 3 4 |  4.2
Spellcasting   | 3 4 |  4.5
Conjurations   | 1 2 |  2.3
Armour         | 1 2 |  2.9
Dodging        | |  1.7
Stealth        | |  1.7
Transmutations | |  0.8

Action                   |  1- 3 |  4- 6 |  7- 9 || total
-------------------------+-------+-------+-------++-------
Melee: Dagger            |    19 |       |       ||    19
       Staff             |    10 |       |       ||    10
       Rapier            |    19 |    34 |     3 ||    56
       Tailslap          |       |     4 |       ||     4
       Trident           |       |       |     2 ||     2
 Cast: Sandblast         |    42 |   116 |    42 ||   200
       Stone Arrow       |       |       |     1 ||     1
Evoke: Wand              |       |     3 |       ||     3
  Use: Scroll            |       |     6 |       ||     6
       Potion            |       |       |     1 ||     1
 Stab: Sleeping          |     1 |       |       ||     1
Armor: Ring mail         |    42 |    35 |    23 ||   100
Dodge: Dodged            |    49 |    61 |    16 ||   126
